| TOP OF THE 1ST |
|
Tri-City Dust Devils batting - Pitching for Walla Walla Walleyes : RHP Jose Loera
|
|
Pitching: RHP Jose Loera
|
|
|
Batting: LHB LaVel Freeman
|
0-0: Ball 1-0: Called Strike 1-1: Ball 2-1: Ball 3-1: Foul Ball, location: 2F 3-2: Base on Balls
|
|
Batting: LHB Kevin Jones
|
0-0: Ball 1-0: Ground out 4-3 (Groundball, 34, EV 98.1 MPH) LaVel Freeman to second
|
|
Batting: RHB Desmond Brooks
|
0-0: Ball 1-0: Foul Ball, location: 2F 1-1: DOUBLE (Line Drive, 78M, EV 96.3 MPH) LaVel Freeman scores
|
|
Batting: RHB J.B. Moore
|
0-0: Fly out, F9 (Flyball, 89D, EV 90.6 MPH) Runner from 2nd tags up, SAFE at 3rd, no throw by RF
|
|
Batting: RHB Felipe Hernandez
|
0-0: Called Strike 0-1: Ball 1-1: Called Strike 1-2: Foul Ball, location: 2F 1-2: Hit by Pitch
|
|
Batting: LHB George Priftis
|
0-0: Ball 1-0: Foul Ball, location: 2F 1-1: Ball 2-1: Ball 3-1: Base on Balls Felipe Hernandez to second
|
|
Batting: LHB Daraka Shaheed
|
0-0: Swinging Strike 0-1: Ball 1-1: Ball 2-1: SINGLE (Flyball, 5D, EV 93.1 MPH) Desmond Brooks scores Felipe Hernandez to third George Priftis to second Runner from 3rd tries for Home, SAFE, throw by LF to home
|
|
Batting: RHB Dennis Glynn
|
0-0: Ball 1-0: Ball 2-0: 3-RUN HOME RUN (Flyball, 7D, EV 104.4 MPH), Distance : 367 ft
|
|
Batting: RHB Jeff DeWillis
|
0-0: Called Strike 0-1: Fly out, F9 (Line Drive, 9, EV 98.1 MPH)
|
| Top of the 1st over - 6 runs, 3 hits, 0 errors, 0 left on base; Tri-City 6 - Walla Walla 0 |
| BOTTOM OF THE 1ST |
|
Walla Walla Walleyes batting - Pitching for Tri-City Dust Devils : RHP Guillermo Perez
|
|
Pitching: RHP Guillermo Perez
|
|
|
Batting: SHB Damon Farmar
|
0-0: Ball 1-0: Called Strike 1-1: Foul Ball, location: 2F 1-2: Ball 2-2: Ball 3-2: Base on Balls
|
|
Batting: LHB Brian Hartsock
|
0-0: Called Strike 0-1: Swinging Strike 0-2: SINGLE (Groundball, 15S, EV 65.0 MPH) (infield hit) Damon Farmar to second
|
|
Batting: RHB Curtis Burke
|
0-0: Ball 1-0: Called Strike 1-1: Called Strike 1-2: Fielders Choice at 2nd, 4-6 (Groundball, 4, EV 80.6 MPH) Damon Farmar to third
|
|
Batting: SHB Mike A Brumley
|
0-0: Ball 1-0: Foul Ball, location: 2F 1-1: Swinging Strike 1-2: Foul Ball, location: 2F 1-2: Strikes out looking
|
|
Batting: LHB Thomas Gertz
|
0-0: Ball 1-0: Called Strike 1-1: Swinging Strike 1-2: Ball Curtis Burke is caught stealing 2nd base 2-6
|
| Bottom of the 1st over - 0 runs, 1 hit, 0 errors, 1 left on base; Tri-City 6 - Walla Walla 0 |
| TOP OF THE 2ND |
|
Tri-City Dust Devils batting - Pitching for Walla Walla Walleyes : RHP Jose Loera
|
|
Batting: LHB LaVel Freeman
|
0-0: Called Strike 0-1: Ball 1-1: Ball 2-1: Ball 3-1: Called Strike 3-2: Foul Ball, location: 2F 3-2: Foul Ball, location: 2F 3-2: Base on Balls
|
|
Batting: LHB Kevin Jones
|
0-0: Ball LaVel Freeman is caught stealing 2nd base 2-6 1-0: SINGLE (Line Drive, 7S, EV 110.6 MPH)
|
|
Pitching: LHP Mike C Jones
|
|
|
Batting: RHB Desmond Brooks
|
0-0: Grounds into double play, 5-4-3 (Groundball, 56, EV 78.1 MPH)
|
| Top of the 2nd over - 0 runs, 1 hit, 0 errors, 0 left on base; Tri-City 6 - Walla Walla 0 |
| BOTTOM OF THE 2ND |
|
Walla Walla Walleyes batting - Pitching for Tri-City Dust Devils : RHP Guillermo Perez
|
|
Batting: LHB Thomas Gertz
|
0-0: Ball 1-0: Ball 2-0: Swinging Strike 2-1: DOUBLE (Line Drive, 3D, EV 95.0 MPH)
|
|
Batting: LHB Robert Cobb
|
0-0: Ball 1-0: Ball 2-0: Foul Ball, location: 2F 2-1: Called Strike 2-2: Fly out, F8 (Flyball, 8RS, EV 81.3 MPH)
|
|
Batting: SHB Jeff McKnight
|
0-0: Called Strike 0-1: Ball 1-1: Foul Ball, location: 2F 1-2: Strikes out looking
|
|
Batting: RHB Wes Kent
|
0-0: Called Strike 0-1: Foul Ball, location: 2F 0-2: Ball 1-2: Fly out, F6 (Popup, P, EV 78.8 MPH)
|
| Bottom of the 2nd over - 0 runs, 1 hit, 0 errors, 1 left on base; Tri-City 6 - Walla Walla 0 |
| TOP OF THE 3RD |
|
Tri-City Dust Devils batting - Pitching for Walla Walla Walleyes : LHP Mike C Jones
|
|
Batting: RHB J.B. Moore
|
0-0: Swinging Strike 0-1: Hit by Pitch
|
|
Batting: RHB Felipe Hernandez
|
0-0: SINGLE (Groundball, 4D, EV 108.8 MPH) J.B. Moore to second Runner from 2nd tries for 3rd, SAFE, throw by RF made to third
|
|
Batting: LHB George Priftis
|
0-0: Foul Ball, location: 2F 0-1: Ball 1-1: Grounds into double play, 6-4-3 (Groundball, 6, EV 89.4 MPH) J.B. Moore scores
|
|
Batting: LHB Daraka Shaheed
|
0-0: Foul Ball, location: 2F 0-1: Foul Ball, location: 2F 0-2: Ground out 6-3 (Groundball, 6M, EV 105.0 MPH)
|
| Top of the 3rd over - 1 run, 1 hit, 0 errors, 0 left on base; Tri-City 7 - Walla Walla 0 |
| BOTTOM OF THE 3RD |
|
Walla Walla Walleyes batting - Pitching for Tri-City Dust Devils : RHP Guillermo Perez
|
|
Batting: RHB Mitch Lyden
|
0-0: Fly out, F8 (Line Drive, 8LM, EV 85.0 MPH)
|
|
Batting: SHB Damon Farmar
|
0-0: Ball 1-0: Foul Ball, location: 2F 1-1: Called Strike 1-2: Fly out, F9 (Flyball, 9LS, EV 88.1 MPH)
|
|
Batting: LHB Brian Hartsock
|
0-0: Called Strike 0-1: Ground out 5-3 (Groundball, 56S, EV 82.5 MPH)
|
| Bottom of the 3rd over - 0 runs, 0 hits, 0 errors, 0 left on base; Tri-City 7 - Walla Walla 0 |
| TOP OF THE 4TH |
|
Tri-City Dust Devils batting - Pitching for Walla Walla Walleyes : LHP Mike C Jones
|
|
Batting: RHB Dennis Glynn
|
0-0: Ball 1-0: Called Strike 1-1: Foul Ball, location: 2F 1-2: Ball 2-2: Strikes out looking
|
|
Batting: RHB Jeff DeWillis
|
0-0: Ball 1-0: Foul Ball, location: 2F 1-1: Foul Ball, location: 2F 1-2: Ball 2-2: Ball 3-2: Base on Balls
|
|
Batting: LHB LaVel Freeman
|
0-0: Called Strike 0-1: Foul Ball, location: 2F 0-2: Strikes out looking
|
|
Batting: LHB Kevin Jones
|
0-0: Called Strike 0-1: Ball 1-1: Called Strike 1-2: Ball 2-2: Ball 3-2: Strikes out swinging
|
| Top of the 4th over - 0 runs, 0 hits, 0 errors, 1 left on base; Tri-City 7 - Walla Walla 0 |
| BOTTOM OF THE 4TH |
|
Walla Walla Walleyes batting - Pitching for Tri-City Dust Devils : RHP Guillermo Perez
|
|
Batting: RHB Curtis Burke
|
0-0: Ball 1-0: Called Strike 1-1: Ball 2-1: Foul Ball, location: 2F 2-2: Foul Ball, location: 2F 2-2: Foul Ball, location: 2F 2-2: Strikes out looking
|
|
Batting: SHB Mike A Brumley
|
0-0: Foul Ball, location: 2F 0-1: Fly out, F8 (Flyball, 8RD, EV 97.5 MPH)
|
|
Batting: LHB Thomas Gertz
|
0-0: Called Strike 0-1: Ball 1-1: Swinging Strike 1-2: Strikes out swinging
|
| Bottom of the 4th over - 0 runs, 0 hits, 0 errors, 0 left on base; Tri-City 7 - Walla Walla 0 |
| TOP OF THE 5TH |
|
Tri-City Dust Devils batting - Pitching for Walla Walla Walleyes : LHP Mike C Jones
|
|
Batting: RHB Desmond Brooks
|
0-0: Called Strike 0-1: Ball 1-1: Ball 2-1: Ball 3-1: Base on Balls
|
|
Batting: RHB J.B. Moore
|
0-0: Called Strike 0-1: Foul Ball, location: 2F 0-2: Ball 1-2: Ball 2-2: Fly out, F8 (Flyball, 8LD, EV 99.4 MPH)
|
|
Batting: RHB Felipe Hernandez
|
0-0: Called Strike 0-1: Called Strike 0-2: Ball 1-2: Foul Ball, location: 2F 1-2: Ball 2-2: Ball 3-2: Strikes out looking
|
|
Batting: LHB George Priftis
|
0-0: Ball 1-0: Ball 2-0: Called Strike 2-1: Called Strike 2-2: Ball 3-2: Base on Balls Desmond Brooks to second
|
|
Batting: LHB Daraka Shaheed
|
0-0: Called Strike 0-1: Ball 1-1: Foul Ball, location: 2F 1-2: Ball 2-2: Foul Ball, location: 2F 2-2: Foul Ball, location: 2F 2-2: Foul Ball, location: 2F 2-2: Fly out, F8 (Line Drive, 8LD, EV 88.1 MPH)
|
| Top of the 5th over - 0 runs, 0 hits, 0 errors, 2 left on base; Tri-City 7 - Walla Walla 0 |
| BOTTOM OF THE 5TH |
|
Walla Walla Walleyes batting - Pitching for Tri-City Dust Devils : RHP Guillermo Perez
|
|
Batting: LHB Robert Cobb
|
0-0: Ground out 5-3 (Groundball, 56, EV 111.3 MPH)
|
|
Batting: SHB Jeff McKnight
|
0-0: Ball 1-0: Called Strike 1-1: Ball 2-1: Ball 3-1: Swinging Strike 3-2: Base on Balls
|
|
Batting: RHB Wes Kent
|
0-0: Called Strike 0-1: Ball 1-1: Ball 2-1: Foul Ball, location: 2F 2-2: Foul Ball, location: 2F 2-2: Strikes out looking
|
|
Batting: RHB Mitch Lyden
|
0-0: Ball Jeff McKnight steals 2nd base (no throw) 1-0: Ball 2-0: Called Strike Balk! Jeff McKnight to third 2-1: Foul Ball, location: 2F 2-2: Foul Ball, location: 2F 2-2: Ball 3-2: SINGLE (Groundball, 6MD, EV 100.0 MPH) Jeff McKnight scores
|
|
Batting: SHB Damon Farmar
|
0-0: Called Strike 0-1: Swinging Strike 0-2: Ball 1-2: Ball 2-2: Strikes out swinging
|
| Bottom of the 5th over - 1 run, 1 hit, 0 errors, 1 left on base; Tri-City 7 - Walla Walla 1 |
| TOP OF THE 6TH |
|
Tri-City Dust Devils batting - Pitching for Walla Walla Walleyes : LHP Mike C Jones
|
|
Batting: RHB Dennis Glynn
|
0-0: Swinging Strike 0-1: Ball 1-1: Ball 2-1: Fly out, F9 (Flyball, 89M, EV 85.0 MPH)
|
|
Batting: RHB Jeff DeWillis
|
0-0: Ball 1-0: Ball 2-0: Ball 3-0: Base on Balls
|
|
Pitching: RHP Lance Aldrich
|
|
|
Batting: LHB LaVel Freeman
|
0-0: Called Strike 0-1: Foul Ball, location: 2F 0-2: Strikes out swinging
|
|
Batting: LHB Kevin Jones
|
0-0: Foul Ball, location: 2F 0-1: Ball 1-1: Foul Ball, location: 2F 1-2: Ball 2-2: Ball 3-2: Fly out, F8 (Flyball, 78D, EV 87.5 MPH)
|
| Top of the 6th over - 0 runs, 0 hits, 0 errors, 1 left on base; Tri-City 7 - Walla Walla 1 |
| BOTTOM OF THE 6TH |
|
Walla Walla Walleyes batting - Pitching for Tri-City Dust Devils : RHP Guillermo Perez
|
|
Batting: LHB Brian Hartsock
|
0-0: Called Strike 0-1: Ball 1-1: Ball 2-1: Called Strike 2-2: SINGLE (Line Drive, 89S, EV 103.1 MPH)
|
|
Batting: RHB Curtis Burke
|
0-0: Ball 1-0: Swinging Strike 1-1: TRIPLE (Flyball, 89XD, EV 107.5 MPH) Brian Hartsock scores
|
|
Batting: SHB Mike A Brumley
|
0-0: Swinging Strike 0-1: Fly out, F7 (Flyball, 7S, EV 91.9 MPH) Runner from 3rd tags up, SCORES, throw by LF
|
|
Pitching: RHP Jose Vazquez
|
|
|
Batting: LHB Thomas Gertz
|
0-0: Ball 1-0: Foul Ball, location: 2F 1-1: Foul Ball, location: 2F 1-2: Strikes out swinging
|
|
Batting: LHB Robert Cobb
|
0-0: Fly out, F7 (Flyball, 7, EV 98.8 MPH)
|
| Bottom of the 6th over - 2 runs, 2 hits, 0 errors, 0 left on base; Tri-City 7 - Walla Walla 3 |
| TOP OF THE 7TH |
|
Tri-City Dust Devils batting - Pitching for Walla Walla Walleyes : RHP Lance Aldrich
|
|
Batting: RHB Desmond Brooks
|
0-0: Ball 1-0: Called Strike 1-1: Ground out 4-3 (Groundball, 4, EV 100.0 MPH)
|
|
Batting: RHB J.B. Moore
|
0-0: Ball 1-0: Ball 2-0: Foul Ball, location: 2F 2-1: Ball 3-1: Foul Ball, location: 2F 3-2: DOUBLE (Flyball, 8LXD, EV 100.6 MPH)
|
|
Batting: RHB Felipe Hernandez
|
0-0: Called Strike 0-1: DOUBLE (Line Drive, 89XD, EV 105.6 MPH) J.B. Moore scores
|
|
Batting: LHB George Priftis
|
0-0: Fly out, F8 (Line Drive, 8LM, EV 94.4 MPH)
|
|
Batting: LHB Daraka Shaheed
|
0-0: Ball 1-0: Foul Ball, location: 2F 1-1: Ball 2-1: Called Strike 2-2: Strikes out swinging
|
| Top of the 7th over - 1 run, 2 hits, 0 errors, 1 left on base; Tri-City 8 - Walla Walla 3 |
| BOTTOM OF THE 7TH |
|
Walla Walla Walleyes batting - Pitching for Tri-City Dust Devils : RHP Jose Vazquez
|
|
Batting: SHB Jeff McKnight
|
0-0: Ball 1-0: Ground out U3 (Groundball, 3, EV 90.0 MPH)
|
|
Batting: RHB Wes Kent
|
0-0: Ball 1-0: Reached on error, E6 (Groundball, 56, EV 83.1 MPH)
|
|
Batting: RHB Mitch Lyden
|
0-0: Ball 1-0: SINGLE (Groundball, 3D, EV 102.5 MPH) Wes Kent to second Runner from 2nd tries for 3rd, SAFE, throw by RF made to third
|
|
Batting: SHB Damon Farmar
|
0-0: Called Strike 0-1: Ball 1-1: Ball 2-1: Foul Ball, location: 2F 2-2: Foul Ball, location: 2F 2-2: Ball 3-2: Fielders Choice at 2nd, 5-4 (Groundball, 15, EV 89.4 MPH) Wes Kent scores
|
|
Batting: LHB Brian Hartsock
|
0-0: Ball Damon Farmar steals 2nd base 1-0: Ball 2-0: DOUBLE (Line Drive, 7D, EV 92.5 MPH) Damon Farmar scores
|
|
Batting: RHB Curtis Burke
|
0-0: Fly out, F4 (Popup, 34D, EV 58.8 MPH)
|
| Bottom of the 7th over - 2 runs, 2 hits, 1 error, 1 left on base; Tri-City 8 - Walla Walla 5 |
| TOP OF THE 8TH |
|
Tri-City Dust Devils batting - Pitching for Walla Walla Walleyes : RHP Lance Aldrich
|
|
Batting: RHB Dennis Glynn
|
0-0: Ball 1-0: Called Strike 1-1: Ball 2-1: Fly out, F7 (Flyball, 7LS, EV 78.8 MPH)
|
|
Batting: RHB Jeff DeWillis
|
0-0: Foul Ball, location: 2F 0-1: Swinging Strike 0-2: Foul Ball, location: 2F 0-2: Ball 1-2: Ball 2-2: SOLO HOME RUN (Line Drive, 7D, EV 99.4 MPH), Distance : 376 ft
|
|
Batting: LHB LaVel Freeman
|
0-0: Fly out, F7 (Flyball, 7LD, EV 102.5 MPH)
|
|
Batting: LHB Kevin Jones
|
0-0: Fly out, F8 (Flyball, 8LM, EV 88.1 MPH)
|
| Top of the 8th over - 1 run, 1 hit, 0 errors, 0 left on base; Tri-City 9 - Walla Walla 5 |
| BOTTOM OF THE 8TH |
|
Walla Walla Walleyes batting - Pitching for Tri-City Dust Devils : RHP Jose Vazquez
|
|
Batting: SHB Mike A Brumley
|
0-0: Ball 1-0: Fly out, F9 (Flyball, 9, EV 88.1 MPH)
|
|
Batting: LHB Thomas Gertz
|
0-0: Ball 1-0: Foul Ball, location: 2F 1-1: Ball 2-1: Fly out, F9 (Flyball, 89M, EV 87.5 MPH)
|
|
Batting: LHB Robert Cobb
|
0-0: Called Strike 0-1: Ball 1-1: Ball 2-1: Fly out, F8 (Flyball, 8RM, EV 91.3 MPH)
|
| Bottom of the 8th over - 0 runs, 0 hits, 0 errors, 0 left on base; Tri-City 9 - Walla Walla 5 |
| TOP OF THE 9TH |
|
Tri-City Dust Devils batting - Pitching for Walla Walla Walleyes : RHP Lance Aldrich
|
|
Pitching: LHP Alex Marquez
|
|
|
Batting: RHB Desmond Brooks
|
0-0: Ball 1-0: Ball 2-0: Called Strike 2-1: Ball 3-1: Called Strike 3-2: Base on Balls
|
|
Batting: RHB J.B. Moore
|
0-0: Called Strike 0-1: Ball 1-1: Ball 2-1: Swinging Strike Pickoff Throw by Catcher to First - Out! 2-2: Ball 3-2: Fly out, F7 (Line Drive, 7D, EV 89.4 MPH)
|
|
Batting: RHB Felipe Hernandez
|
0-0: Ball 1-0: Ball 2-0: Called Strike 2-1: SINGLE (Groundball, 56, EV 90.6 MPH) (infield hit)
|
|
Batting: LHB George Priftis
|
0-0: Foul Ball, location: 2F 0-1: Ball 1-1: SINGLE (Line Drive, 78S, EV 92.5 MPH) Felipe Hernandez to second
|
|
Batting: LHB Daraka Shaheed
|
0-0: Called Strike 0-1: Ball 1-1: Ball 2-1: Ball 3-1: Foul Ball, location: 2F 3-2: Fly out, F9 (Line Drive, 9, EV 110.0 MPH)
|
| Top of the 9th over - 0 runs, 2 hits, 0 errors, 2 left on base; Tri-City 9 - Walla Walla 5 |
| BOTTOM OF THE 9TH |
|
Walla Walla Walleyes batting - Pitching for Tri-City Dust Devils : RHP Jose Vazquez
|
|
Batting: SHB Jeff McKnight
|
0-0: Ball 1-0: DOUBLE (Line Drive, 8RD, EV 95.6 MPH)
|
|
Batting: RHB Wes Kent
|
0-0: DOUBLE (Groundball, 5L, EV 110.0 MPH) Jeff McKnight scores
|
|
Pitching: LHP Al Bowlin
|
|
|
Batting: RHB Mitch Lyden
|
0-0: Called Strike 0-1: Fly out, F5 (Flyball, 5D, EV 86.9 MPH)
|
|
Batting: SHB Damon Farmar
|
0-0: Ball 1-0: Fly out, F8 (Flyball, 8RM, EV 77.5 MPH)
|
|
Batting: LHB Brian Hartsock
|
0-0: Ball 1-0: Called Strike 1-1: Called Strike 1-2: Ball 2-2: Foul Ball, location: 2F 2-2: Foul Ball, location: 2F 2-2: DOUBLE (Flyball, 8RXD, EV 91.3 MPH) Wes Kent scores
|
|
Batting: RHB Curtis Burke
|
0-0: Ball 1-0: Ball 2-0: SINGLE (Groundball, 6D, EV 104.4 MPH) Brian Hartsock to third
|
|
Batting: SHB Mike A Brumley
|
0-0: Ball 1-0: Ball 2-0: Ball 3-0: Called Strike 3-1: Foul Ball, location: 2F 3-2: Foul Ball, location: 2F 3-2: Foul Ball, location: 2F 3-2: TRIPLE (Flyball, 78XD, EV 87.5 MPH) Brian Hartsock scores Curtis Burke scores
|
|
Batting: SHB Rafael Rivas
|
0-0: Intentional Walk
|
|
Pinch Hitting: RHB Gary Zelmanski
|
0-0: Ball 1-0: Called Strike 1-1: Ball 2-1: Foul Ball, location: 2F 2-2: Strikes out swinging
|
| Bottom of the 9th over - 4 runs, 5 hits, 0 errors, 2 left on base; Tri-City 9 - Walla Walla 9 |
| TOP OF THE 10TH |
|
Tri-City Dust Devils batting - Pitching for Walla Walla Walleyes : LHP Alex Marquez
|
|
Now at 3B: Michael Conte
|
|
|
Batting: RHB Dennis Glynn
|
0-0: Called Strike 0-1: Called Strike 0-2: Ball 1-2: Fly out, F9 (Line Drive, 9, EV 90.6 MPH)
|
|
Batting: RHB Jeff DeWillis
|
0-0: Ball 1-0: Ground out 6-3 (Groundball, 6, EV 81.9 MPH)
|
|
Pinch Hitting: RHB Robert Martinez
|
0-0: Ball 1-0: Ball 2-0: Ball 3-0: Base on Balls
|
|
Batting: LHB Kevin Jones
|
0-0: Ball 1-0: Called Strike 1-1: Foul Ball, location: 2F 1-2: Strikes out swinging
|
| Top of the 10th over - 0 runs, 0 hits, 0 errors, 1 left on base; Tri-City 9 - Walla Walla 9 |
| BOTTOM OF THE 10TH |
|
Walla Walla Walleyes batting - Pitching for Tri-City Dust Devils : LHP Al Bowlin
|
|
Now at 1B: Robert Martinez
|
|
|
Batting: SHB Jeff McKnight
|
0-0: Called Strike 0-1: Ball 1-1: Ball 2-1: Ball 3-1: Base on Balls
|
|
Batting: RHB Wes Kent
|
0-0: Foul Ball, location: 2F 0-1: Swinging Strike 0-2: Ball 1-2: Foul Ball, location: 2F 1-2: 2-RUN HOME RUN (Flyball, 78XD, EV 98.8 MPH), Distance : 418 ft
|
| Bottom of the 10th over - 2 runs, 1 hit, 0 errors, 0 left on base; Tri-City 9 - Walla Walla 11 |
| GAME OVER ... WALLA WALLA DEFEATS TRI |
|
City, 11 to 9
|
|
|